 Dungeon Crawl Stone Soup version 0.30-a0-782-ge64f9170bb (webtiles) character file.

Game seed: 8018613483459999746

36 tilp the Trooper (level 3, -2/33 HPs)
             Began as a Meteoran Fighter on Mar 16, 2023.
             Slain by an orc priest
             ... wielding a +0 short sword
              (5 damage)
             ... on level 3 of the Dungeon.
             The game lasted 00:01:39 (238 turns).

tilp the Trooper (Meteoran Fighter)                  Turns: 238, Time: 00:01:39

Health: -2/33      AC:  6    Str: 18    XL:     3   Next: 82%
Magic:  4/4        EV:  9    Int:  9    God:
Gold:   8          SH:  5    Dex: 15    Spells: 2/2 levels left

rFire   + . .      SeeInvis .    a - +0 long sword
rCold   . . .      Faith    .    c - +0 buckler
rNeg    . . .      Spirit   .    b - +0 scale mail
rPois   .          Reflect  .    (no helmet)
rElec   .          Harm     .    (no cloak)
rCorr   .          Rampage  .    (no gloves)
Will    .....                    (no boots) Stlth
                                 (no amulet)
HPRegen 0.25/turn                h - ring of protection from fire
MPRegen 0.09/turn                (no ring)

@: glowing
A: sense surroundings 1, otherworldly, glowing, explore regen
a: no special abilities


You were on level 3 of the Dungeon.
You visited 1 branch of the dungeon, and saw 4 of its levels.

You collected 8 gold pieces.

Inventory:

Hand Weapons
 a - a +0 long sword (weapon)
Missiles
 f - 2 poisoned darts (quivered)
Armour
 b - a +0 scale mail (worn)
 c - a +0 buckler (worn)
Jewellery
 h - a ring of protection from fire (left hand)
Potions
 d - a potion of might
 e - 2 potions of heal wounds
 g - a potion of magic {unknown}


   Skills:
 + Level 3.7 Fighting
 * Level 3.6 Long Blades
 - Level 3.6 Armour
 + Level 1.4 Dodging
 - Level 3.6 Shields


You had 2 spell levels left.
You didn't know any spells.
Your spell library was empty.

Dungeon Overview and Level Annotations

Branches:
Dungeon (4/15) Zot: 2147
 Temple: D:4-7

Altars:


Innate Abilities, Weirdness & Mutations

You passively map a small area around you.
You are easily found by Zot.
You glow in the dark.
You regain HP and MP as you explore.


Message History

You closely miss the orc. You block the orc's attack.
The orc hits you with a +0 dagger.
You hit the orc.
The orc is moderately wounded.
The orc hits you but does no damage. The orc closely misses you.
You closely miss the orc.
The orc is moderately wounded.
The orc priest casts a cantrip, but nothing happens.
The orc barely misses you. The orc hits you but does no damage.
You hit the orc.
The orc is severely wounded.
You block the orc's attack. The orc hits you but does no damage. x2
The orc barely misses you.
You hit the orc.
The orc is severely wounded.
The orc hits you but does no damage. x2
You barely miss the orc.
The orc is severely wounded.
You block the orc's attack. The orc hits you but does no damage.
You closely miss the orc.
The orc is severely wounded.
The orc priest invokes the aid of Beogh against you.
Beogh smites you! The orc barely misses you.
You barely miss the orc.
The orc is severely wounded.
The orc priest looks braver for a moment.
The orc barely misses you. The orc hits you but does no damage.
You slash the orc!
You kill the orc!
You slash the orc!
You kill the orc!
You slash the orc!
You kill the orc!
The orc priest calls down the wrath of Beogh upon you.
Beogh smites you!
* * * LOW HITPOINT WARNING * * *
You block the orc priest's attack.
Items here: ))) [ †.
The orc priest hits you with a +0 short sword.
You die...

* * ........... , ,
,........#[#
..........# , ⌠
..........* ,
......... , *
....o...# *
#.#**........# *
##..#########o# *
............)@# , #
*#.#.)..########.#
#.##.#.###.#.......#
##,.....* ##..# * ,
.####.#######.### *
................# *
...##.##..###.#.....
...##.....# ..####.#
...####..##.#.. #


You could see an orc priest.

Vanquished Creatures
  An adder (D:3)
  A worm (D:2)
  A dart slug (D:1)
  5 orcs (D:3)
  A ball python (D:2)
  2 giant cockroaches (D:1)
  2 hobgoblins (D:1)
  A quokka (D:1)
  2 frilled lizards
  A goblin (D:2)
17 creatures vanquished.

Notes
Turn   | Place    | Note
-------+----------+-------------------------------------------
     0 | D:1      | tilp the Meteoran Fighter began the quest for the Orb.
     0 | D:1      | Reached XP level 1. HP: 19/19 MP: 2/2
    37 | D:1      | Reached XP level 2. HP: 26/26 MP: 3/3
   142 | D:2      | Reached skill level 1 in Dodging
   171 | D:2      | Reached XP level 3. HP: 30/31 MP: 4/4
   238 | D:3      | Slain by an orc priest

Illustrated notes

Levels and vault maps discovered:
D:1:      psy_arrival_heroes, layout_basic
D:2:      layout_loops_ring
D:3:      cheibrodos_pilgrimage, layout_loops_cross, goddamned_bats
D:4:      layout_layer_cave, mainiacjoe_overflow_small_starburst,
          mainiacjoe_overflow_alcove_1, mainiacjoe_overflow_catwalk_spiral

Skill      XL: |  1  2 |
---------------+-------+-----
Long Blades    | 3 |  3.6
Dodging        | 1 |  1.4
Fighting       | |  3.7
Armour         | |  3.6
Shields        | |  3.6

Action                     || total
---------------------------++-------
  Melee: Long sword        ||    49
    Use: Scroll            ||     1
 Armour: Scale mail        ||    25
  Dodge: Dodged            ||    15
  Block: Buckler           ||     8

Table legend: (Time is in decaauts)
 A = Elapsed time spent in this place.
 B = Non-inter-level travel time spent in this place.
 C = Inter-level travel time spent in this place.
 D = Time resting spent in this place.
 E = Time spent auto-exploring this place.
 F = Levels seen in this place.
 G = Mean time per level.
                   A        B        C        D        E       F      G
               +--------+--------+--------+--------+--------+-----+--------+
         Total |    251 |    251 |      0 |      0 |      0 |   4 |   62.8 |
       Dungeon |    251 |    251 |      0 |      0 |      0 |   4 |   62.8 |
               +--------+--------+--------+--------+--------+-----+--------+

Top non-repeatable levels by time:
     D:1: 113 daAuts
     D:2: 68 daAuts
     D:3: 67 daAuts
     D:4: 1 daAuts
